 Dungeon Crawl Stone Soup version 0.28-a0-919-g0b5b508569 (webtiles) character file.

Game seed: 3168067472972667109

9467 timneilson the Blocker (level 11, -1/67 HPs)
             Began as a Gargoyle Fighter on Nov 25, 2021.
             Was an Elder of Okawaru.
             Killed from afar by Maggie (15 damage)
             ... with a bolt of fire
             ... on level 8 of the Dungeon.
             The game lasted 00:21:23 (8517 turns).

timneilson the Blocker (Gargoyle Fighter)           Turns: 8517, Time: 00:21:24

Health: -1/67      AC: 30    Str: 22    XL:     11   Next: 46%
Magic:  14/14      EV:  8    Int: 10    God:    Okawaru [****..]
Gold:   864        SH:  0    Dex:  9    Spells: 10/10 levels left

rFire   . . .      SeeInvis .   h - +0 scimitar (flame)
rCold   . . .      Faith    .   f - +1 kite shield
rNeg    + . .      Spirit   .   g - +4 chain mail {rPois}
rPois   ∞          Reflect  .   b - +0 helmet
rElec   +          Harm     .   (no cloak)
rCorr   .          Rampage  .   z - +2 pair of gloves
Will    .....                   e - +1 pair of boots
Stlth   ..........              (no amulet)
HPRegen 0.21/turn               q - +4 ring of slaying
MPRegen 0.14/turn               (no ring)

@: confused
A: sickness immunity, AC +8, negative energy resistance 1, electricity
resistance, torment resistance 1, petrification resistance
a: Renounce Religion, Heroism, Finesse


You were on level 8 of the Dungeon.
You worshipped Okawaru.
Okawaru was greatly pleased with you.
You visited 2 branches of the dungeon, and saw 9 of its levels.
You also visited: Bailey.

You collected 1371 gold pieces.
You spent 507 gold pieces at shops.

Inventory:

Hand Weapons
 a - a +0 long sword of draining
 h - a +0 scimitar of flaming (weapon)
 s - a +0 scimitar
Armour
 b - a +0 helmet (worn)
 e - a +1 pair of boots (worn)
 f - a +1 kite shield (worn)
 g - a +4 chain mail of poison resistance (worn)
 z - a +2 pair of gloves (worn)
Jewellery
 q - a +4 ring of slaying (left hand)
 r - a ring of ice
Wands
 n - a wand of polymorph (15)
 t - a wand of paralysis (12)
 u - a wand of iceblast (9)
Scrolls
 j - a scroll of amnesia
 l - 2 scrolls of teleportation
 v - a scroll of silence {unknown}
 y - a scroll of blinking
Potions
 c - a potion of brilliance
 d - 5 potions of might
 i - a potion of lignification
 k - a potion of resistance {unknown}
 o - 8 potions of mutation
 p - 2 potions of cancellation {unknown}
 w - a potion of invisibility
 x - a potion of ambrosia {unknown}
 A - a potion of attraction {unknown}
 B - a potion of magic {unknown}
 C - 3 potions of heal wounds {unknown}


   Skills:
 + Level 7.2 Fighting
 * Level 7.7 Long Blades
 * Level 9.5 Armour
 + Level 4.5 Dodging
 * Level 9.6 Shields
 + Level 5.2 Invocations
 + Level 5.0 Evocations


You had 10 spell levels left.
You didn't know any spells.
Your spell library was empty.

Dungeon Overview and Level Annotations

Branches:
Dungeon (8/15)             Temple (1/1) D:7          Bailey (visited)
   Lair: D:8-11

Altars:
Ashenzari
Cheibriados
Dithmenos
Elyvilon
Fedhas
Gozag
Hepliaklqana
Kikubaaqudgha
Makhleb
Okawaru
Qazlal
Ru
Sif Muna
Trog
Uskayaw
Vehumet
Wu Jian
Xom
Yredelemnul
Zin
The Shining One
Beogh

Shops:
D:1 [

Annotations:
D:6 1 runed translucent door, timneilson's ghost, novice GrFi
D:8 Maggie


Innate Abilities, Weirdness & Mutations

You are immune to sickness and miasma.
Your stone body is resilient. (AC +8)
You are immune to poison.
You resist negative energy. (rN+)
You are resistant to electric shocks. (rElec)
You are resistant to unholy torment.
You are immune to petrification.


Message History

You are mesmerised by Maggie!
You slice Maggie!! You burn Maggie.
Maggie is moderately wounded.
Maggie says, "Leave now, and tell all of Margery's mercy!"
Maggie hits you with a +2 morningstar of distortion!
Space warps around you.
You barely miss Maggie.
Maggie is moderately wounded.
Maggie drinks a potion.
Maggie's spells are empowered!
Maggie zaps a wand.
You easily resist.
You closely miss Maggie.
Maggie is moderately wounded.
Maggie points at you and mumbles some strange words.
The bolt of fire hits you!!
* * * LOW HITPOINT WARNING * * *
You slash Maggie! You burn Maggie.
Maggie is severely wounded.
Maggie hits you but does no damage. Space warps around you.
* * * LOW HITPOINT WARNING * * *
Unknown command.
You feel better.
Maggie says, "Fear not.
I will immortalize you in the tale of my first kill."
You block Maggie's attack.
You feel better. Maggie barely misses you.
You barely miss Maggie.
Maggie is severely wounded.
Maggie casts a spell at you. The bolt of fire hits you!!
* * * LOW HITPOINT WARNING * * *
You slash Maggie! You burn Maggie.
Maggie is severely wounded.
Maggie zaps a wand.
You easily resist.
Unknown command.
You feel better.
Maggie zaps a wand.
Your will is overpowered!
You are confused.
You bump into the rock wall.
You break out of your daze.
Maggie casts a spell at you. The bolt of fire hits you!
You die...

#.### #.#
......###.########
#.#..............# .
..#.##.##.###.##.# ###..
...........†..##.#......
......................#
##.###.#.####.####..###.
##.# #.#.# #...........
...# #.#.#######@#..###
##.###..... #@# #
.......#.## #.#
..........# #.#
####......# #.#
###...)...######.#
.....)∩)..........
####..)...######.# #
#......#


You could see Maggie (empowered).

Vanquished Creatures
  Pikel (D:5)
  An efreet (D:8)
  A komodo dragon (D:8)
  Prince Ribbit (D:7)
  Sigmund (D:3)
  Menkaure (D:5)
  4 water moccasins
  3 orc warriors
  A sky beast (D:6)
  2 black bears
  An ogre (D:4)
  A centaur (D:7)
  5 necrophages
  A phantom (D:6)
  A lemure (D:5)
  A kobold brigand (D:6)
  Blork the orc (D:5)
  A bullfrog (D:6)
  2 scorpions (D:5)
  6 killer bees (D:8)
  4 wights (D:7)
  A howler monkey (D:5)
  3 jellies
  2 bullfrog skeletons
  8 orc priests
  A hound (D:7)
  A centaur skeleton (D:6)
  A gnoll shaman (D:5)
  An iguana (D:6)
  4 orc wizards
  2 killer bee zombies
  Robin (D:3)
  8 adders
  23 gnolls
  A howler monkey skeleton (D:6)
  An adder skeleton (D:4)
  3 worms
  3 dart slugs
  24 orcs
  4 endoplasms
  5 giant cockroaches
  10 goblins
  19 hobgoblins
  3 jackals (D:1)
  14 kobolds
  3 quokkas
  9 ball pythons
  4 bats
  4 frilled lizards
  7 rats
210 creatures vanquished.

Notes
Turn   | Place    | Note
-------+----------+-------------------------------------------
     0 | D:1      | timneilson the Gargoyle Fighter began the quest for the
                  | Orb.
     0 | D:1      | Reached XP level 1. HP: 14/14 MP: 1/1
   414 | D:1      | Found Poda's Antique Armour Shop.
   478 | D:1      | Reached XP level 2. HP: 18/19 MP: 2/2
   945 | D:1      | Reached XP level 3. HP: 23/23 MP: 3/3
   948 | D:1      | Found a faded altar of an unknown god.
   962 | D:1      | Identified a scroll of acquirement
   962 | D:1      | Acquired 1012 gold pieces
   983 | D:1      | Bought a pair of runed boots for 195 gold pieces
   983 | D:1      | Bought a kite shield for 117 gold pieces
   983 | D:1      | Bought a glowing chain mail for 195 gold pieces
  1689 | D:3      | Noticed Robin
  1701 | D:3      | Killed Robin
  1704 | D:3      | Reached XP level 4. HP: 22/28 MP: 4/4
  1917 | D:3      | Found a bloodstained altar of Trog.
  2005 | D:3      | Reached XP level 5. HP: 32/33 MP: 5/5
  2140 | D:3      | Reached skill level 1 in Dodging
  2202 | D:3      | Found a shadowy altar of Dithmenos.
  2205 | D:3      | Noticed Sigmund
  2216 | D:3      | Killed Sigmund
  2217 | D:3      | Reached skill level 1 in Evocations
  2217 | D:3      | Reached XP level 6. HP: 34/38 MP: 6/6
  2992 | D:4      | Noticed a necrophage
  3001 | D:4      | Killed a necrophage
  3002 | D:4      | Reached skill level 5 in Armour
  3002 | D:4      | Reached XP level 7. HP: 43/43 MP: 7/7
  3030 | D:4      | Reached skill level 5 in Shields
  3165 | D:4      | Found an opulent altar of Gozag.
  3561 | D:5      | Entered Level 5 of the Dungeon
  3566 | D:5      | Found a radiant altar of Vehumet.
  3567 | D:5      | Found an iron altar of Okawaru.
  3571 | D:5      | Became a worshipper of Warmaster Okawaru
  3595 | D:5      | Noticed Blork the orc
  3603 | D:5      | Killed Blork the orc
  3604 | D:5      | Reached XP level 8. HP: 27/48 MP: 8/8
  3850 | D:5      | Reached skill level 1 in Invocations
  3880 | D:5      | Reached * piety under Okawaru
  3936 | D:5      | Noticed Menkaure
  3944 | D:5      | Killed Menkaure
  4163 | D:5      | Reached skill level 5 in Fighting
  4351 | D:5      | Noticed Pikel
  4366 | D:5      | Killed Pikel
  4366 | D:5      | Reached ** piety under Okawaru
  4367 | D:5      | Reached skill level 5 in Long Blades
  4367 | D:5      | Reached XP level 9. HP: 48/54 MP: 10/10
  4902 | D:6      | Noticed timneilson's ghost (novice GrFi)
  4914 | D:6      | Found a runed translucent door.
  6324 | D:7      | Noticed Prince Ribbit
  6333 | D:7      | Killed Prince Ribbit
  6333 | D:7      | Reached *** piety under Okawaru
  6615 | D:7      | Reached XP level 10. HP: 44/60 MP: 12/12
  7034 | D:7      | Found a staircase to the Ecumenical Temple.
  7042 | Temple   | Entered the Ecumenical Temple
  7141 | D:7      | Found an ornate altar of the Wu Jian Council.
  7480 | D:8      | Found a snail-covered altar of Cheibriados.
  7632 | D:8      | Found a flagged portal.
  7646 | Bailey   | Entered a bailey
  7766 | Bailey   | Reached **** piety under Okawaru
  8445 | D:8      | Reached skill level 5 in Invocations
  8445 | D:8      | Reached skill level 5 in Evocations
  8445 | D:8      | Reached XP level 11. HP: 67/67 MP: 14/14
  8505 | D:8      | Noticed Maggie
  8517 | D:8      | Killed from afar by Maggie

Illustrated notes

Levels and vault maps discovered:
D:1:      enne_arrival_octagon_isle, layout_rooms,
          hellmonk_ecumenical_altar_defaced_shrine, serial_glass,
          glass_columns_a, glass_columns_c, glass_columns_a, glass_columns_a,
          glass_columns_a, glass_columns_a, glass_columns_b, glass_columns_c,
          glass_columns_a, glass_columns_b, glass_columns_a, glass_columns_b,
          glass_columns_b, glass_columns_a, serial_shops, nicolae_shop_trees
D:2:      layout_rooms, amethyst_killhole
D:3:      layout_basic, mainiacjoe_overflow_24_doors,
          nicolae_dithmenos_through_a_glass_darkly, uniq_sigmund, uniq_robin
D:4:      layout_basic, lemuel_round_altar, serial_curves, eino_curves_04,
          eino_curves_03, eino_curves_04, eino_curves_03
D:5:      layout_basic, gammafunk_temple_overflow_statue, uniq_blork_the_orc,
          uniq_pikel, uniq_menkaure
D:6:      layout_layer_cave, hellmonk_ghost_happy_afterlife
D:7:      layout_loops_ring, nicolae_wu_jian_immortal_techniques,
          minmay_temple_entry_glassed_door, uniq_prince_ribbit1
D:8:      layout_basic, mainiacjoe_overflow_cross_hatched, enter_bailey_2,
          uniq_maggie
Temple:   nicolae_temple_great_sept

Skill      XL: |  1  2  3  4  5  6  7  8  9 10 |
---------------+-------------------------------+-----
Long Blades    | 2 3 4 5 6 7 |  7.7
Armour         | 4 5 6 7 9 |  9.5
Shields        | 4 5 6 7 9 |  9.6
Dodging        | 1 2 3 4 |  4.5
Fighting       | 4 5 7 |  7.2
Evocations     | 1 2 3 5 |  5.0
Invocations    | 2 3 5 |  5.2

Action                   |  1- 3 |  4- 6 |  7- 9 | 10-12 || total
-------------------------+-------+-------+-------+-------++-------
Melee: Long sword        |   132 |   175 |   311 |       ||   618
       Scimitar          |       |       |       |   230 ||   230
Invok: Heroism           |       |       |       |     3 ||     3
  Use: Scroll            |     6 |     1 |     8 |     2 ||    17
       Potion            |       |     1 |     1 |     5 ||     7
Armor: Scale mail        |    52 |       |       |       ||    52
       Chain mail        |    51 |   127 |   237 |   138 ||   553
Dodge: Dodged            |    61 |    42 |   104 |    91 ||   298
Block: Buckler           |    23 |       |       |       ||    23
       Kite shield       |    42 |    77 |   165 |   104 ||   388

Table legend: (Time is in decaauts)
 A = Elapsed time spent in this place.
 B = Non-inter-level travel time spent in this place.
 C = Inter-level travel time spent in this place.
 D = Time resting spent in this place.
 E = Time spent auto-exploring this place.
 F = Levels seen in this place.
 G = Mean time per level.
                   A        B        C        D        E       F      G
               +--------+--------+--------+--------+--------+-----+--------+
         Total |   8777 |   8628 |    149 |    282 |   6120 |  10 |  877.7 |
       Dungeon |   8157 |   8020 |    137 |    241 |   5807 |   8 | 1019.6 |
        Temple |     80 |     68 |     12 |      0 |     58 |   1 |   80.0 |
        Bailey |    540 |    540 |      0 |     41 |    255 |   1 |  540.0 |
               +--------+--------+--------+--------+--------+-----+--------+

Top non-repeatable levels by time:
     D:6: 1865 daAuts
     D:4: 1188 daAuts
     D:1: 1041 daAuts
     D:7: 999 daAuts
     D:5: 965 daAuts
     D:3: 886 daAuts
     D:8: 614 daAuts
     D:2: 596 daAuts
  Bailey: 540 daAuts
  Temple: 80 daAuts
